 Dungeon Crawl Stone Soup version 0.29-a0-334-gb41bcbb86e (webtiles) character file.

Game seed: 15596299579271624343

457 jlumianski the Chopper (level 6, -5/48 HPs)
             Began as a Demonspawn Fighter on Apr 15, 2022.
             Slain by Edmund
             ... wielding a +1 flail of holy wrath
              (9 damage)
             ... on level 4 of the Dungeon on Apr 16, 2022.
             The game lasted 00:15:12 (3461 turns).

jlumianski the Chopper (Demonspawn Fighter)         Turns: 3461, Time: 00:15:12

Health: -5/48      AC: 12    Str: 19    XL:     6   Next: 77%
Magic:  6/6        EV:  8    Int:  9    God:
Gold:   152        SH:  0    Dex: 12    Spells: 5/5 levels left

rFire   . . .      SeeInvis .   a - +0 war axe
rCold   . . .      Faith    .   u - +2 kite shield
rNeg    . . .      Spirit   .   b - +0 scale mail
rPois   .          Reflect  .   s - +0 helmet
rElec   .          Harm     .   (no cloak)
rCorr   .          Rampage  .   m - +0 pair of gloves
Will    .....                   i - +2 pair of boots
Stlth   ..........              (no amulet)
HPRegen 0.16/turn               (no ring)
MPRegen 0.20/turn               (no ring)

@: confused, mighty
A: spiny 2, magic regeneration, demonic touch 1
a: no special abilities


You were on level 4 of the Dungeon.
You visited 1 branch of the dungeon, and saw 5 of its levels.

You collected 152 gold pieces.

Inventory:

Hand Weapons
 a - a +0 war axe (weapon)
 g - a +0 hand crossbow
 q - a +1 mace of protection
Missiles
 j - 110 stones (quivered)
Armour
 b - a +0 scale mail (worn)
 c - a +0 buckler
 i - a +2 pair of boots (worn)
 m - a +0 pair of gloves (worn)
 s - a +0 helmet (worn)
 u - a +2 kite shield (worn)
Magical Staves
 e - a staff of poison
 o - a staff of earth
Scrolls
 f - a scroll of fog
 v - a scroll of teleportation {unknown}
 w - a scroll of summoning {unknown}
Potions
 h - a potion of lignification
 k - a potion of berserk rage
 l - a potion of resistance
 p - a potion of brilliance
 r - a potion of ambrosia
 t - a potion of magic


   Skills:
 + Level 3.7 Fighting
 + Level 4.4 Axes
 + Level 1.9 Throwing
 + Level 3.9 Armour
 + Level 1.1 Dodging
 + Level 0.4 Stealth
 + Level 3.4 Shields


You had 5 spell levels left.
You didn't know any spells.
Your spell library contained the following spells:

 Spells                   Type           Power      Damage    Failure   Level
 Magic Dart               Conj           0%         1d3       98%         1
 Call Imp                 Summ           0%         N/A       99%         2
 Inner Flame              Hex/Fire       0%         N/A       100%        3
 Mephitic Cloud           Conj/Pois/Air  0%         N/A       100%        3
 Animate Armour           Summ/Erth      0%         N/A       100%        4
 Cause Fear               Hex            0%         N/A       100%        4
 Blade Hands              Tmut           0%         N/A       100%        5
 Iron Shot                Conj/Erth      0%         9d1       100%        6
 Discord                  Hex            0%         N/A       100%        8


Dungeon Overview and Level Annotations

Branches:
Dungeon (5/15)
 Temple: D:4-7

Altars:

Annotations:
D:4 Edmund


Innate Abilities, Weirdness & Mutations

You are mostly covered in sharp spines.
You regenerate magic rapidly.
Your touch may inflict minor irresistible damage on your foes.


Message History

Edmund is struck by your spines.
Edmund hits you with a +1 flail of holy wrath.
You convulse.
Edmund attacks as you move away! Edmund is struck by your spines.
Edmund closely misses you.
You're too confused to move!
You feel less confused. You block Edmund's attack.
You hit Edmund.
Edmund is moderately wounded.
You block Edmund's attack. x2
You slash Edmund!
Edmund is severely wounded.
Edmund zaps a wand.
Your will is overpowered!
You are confused.
Edmund zaps a wand.
You resist with some effort.
You're too confused to move!
Edmund hits you with a +1 flail of holy wrath!
You convulse!
You bump into the rock wall.
Edmund zaps a wand.
Your will is overpowered!
You are more confused.
The now-empty wand crumbles to dust.
You're too confused to move!
Edmund is struck by your spines. Edmund barely misses you.
You're too confused to move!
Edmund hits you with a +1 flail of holy wrath.
You convulse.
Edmund attacks as you move away! Edmund hits you but does no damage.
Edmund hits you but does no damage.
You miss Edmund.
Edmund is severely wounded.
Edmund is struck by your spines.
Edmund hits you with a +1 flail of holy wrath.
You convulse.
* * * LOW HITPOINT WARNING * * *
Edmund is struck by your spines.
Edmund hits you with a +1 flail of holy wrath!
* * * LOW HITPOINT WARNING * * *
You convulse!
You die...

##.###.######.# #.#
#.######.## #.#
#.#........
#.###.#.###...##
#)##...>.g..#..
#.##..#.###...#
#.##..#.# #.##
#.##..#.####.#####
#....@@..)....).>#
##..........####.#
#.#.##.....# #.# #
#.#.##.....####)##.#
#.#........#.......#
#.#.#.##.###.##.######
#.#.#.##..<...........
#.#.#.#..##..^........
#. ..##..##.)###.#


You could see Edmund.

Vanquished Creatures
  Grinder (D:3)
  A necrophage (D:4)
  A gnoll shaman (D:5)
  5 gnolls
  5 adders
  4 worms
  2 dart slugs
  6 orcs
  4 endoplasms
  2 giant cockroaches
  8 hobgoblins
  4 jackals (D:2)
  A quokka (D:1)
  9 ball pythons
  A bat (D:2)
  3 frilled lizards
  4 goblins
  4 kobolds
  4 rats
69 creatures vanquished.

Notes
Turn   | Place    | Note
-------+----------+-------------------------------------------
     0 | D:1      | jlumianski the Demonspawn Fighter began the quest for the
                  | Orb.
     0 | D:1      | Reached XP level 1. HP: 18/18 MP: 1/1
   227 | D:1      | Gained mutation: Your touch may inflict minor irresistible
                  | damage on your foes. [demonic ancestry]
   227 | D:1      | Reached XP level 2. HP: 11/24 MP: 2/2
   404 | D:1      | Found a faded altar of an unknown god.
   404 | D:1      | Noticed a green death
   650 | D:1      | Reached skill level 2 in Axes
  1326 | D:2      | Gained mutation: You regenerate magic rapidly. [demonic
                  | ancestry]
  1326 | D:2      | Reached XP level 3. HP: 29/29 MP: 3/3
  1825 | D:2      | Gained mutation: You are partially covered in sharp spines.
                  | [demonic ancestry]
  1825 | D:2      | Reached XP level 4. HP: 35/35 MP: 4/4
  2164 | D:3      | Noticed Grinder
  2177 | D:3      | Killed Grinder
  2178 | D:3      | Reached skill level 3 in Axes
  2178 | D:3      | Reached skill level 1 in Throwing
  2178 | D:3      | Reached XP level 5. HP: 31/41 MP: 5/5
  2178 | D:3      | Gained mutation: You are mostly covered in sharp spines.
                  | [demonic ancestry]
  2178 | D:3      | Reached XP level 6. HP: 36/47 MP: 6/6
  2895 | D:4      | Reached skill level 4 in Axes
  2895 | D:4      | Reached skill level 1 in Dodging
  2932 | D:5      | Entered Level 5 of the Dungeon
  3436 | D:4      | Noticed Edmund
  3461 | D:4      | Slain by Edmund

Illustrated notes

Levels and vault maps discovered:
D:1:      tarquinn_simple_flora_water_a, layout_basic,
          dreamdust_ecumenical_altar_sealed_demon
D:2:      layout_loops_ring
D:3:      layout_loops_cross, hangedman_decor_peaks_small, uniq_grinder
D:4:      layout_loops_ring, uniq_natasha, uniq_edmund
D:5:      layout_cave_pools, mainiacjoe_overflow_tiny_flanked,
          ebering_ghost_rock_garden, lexackson_kobold_supper

Skill      XL: |  1  2  3  4  5  6 |
---------------+-------------------+-----
Axes           | 2 3 4 |  4.4
Shields        | 3 |  3.4
Armour         | 3 |  3.9
Throwing       | 1 |  1.9
Dodging        | 1 |  1.1
Fighting       | |  3.7
Stealth        | |  0.4

Action                   |  1- 3 |  4- 6 || total
-------------------------+-------+-------++-------
Melee: War axe           |   128 |    81 ||   209
Throw: Stone             |    18 |       ||    18
  Use: Scroll            |       |     9 ||     9
       Potion            |       |     5 ||     5
Armor: Scale mail        |    80 |    30 ||   110
Dodge: Dodged            |    66 |    41 ||   107
Block: Buckler           |    33 |     2 ||    35
       Kite shield       |       |    40 ||    40

Table legend: (Time is in decaauts)
 A = Elapsed time spent in this place.
 B = Non-inter-level travel time spent in this place.
 C = Inter-level travel time spent in this place.
 D = Time resting spent in this place.
 E = Time spent auto-exploring this place.
 F = Levels seen in this place.
 G = Mean time per level.
                   A        B        C        D        E       F      G
               +--------+--------+--------+--------+--------+-----+--------+
         Total |   3559 |   3485 |     74 |    563 |   1656 |   5 |  711.8 |
       Dungeon |   3559 |   3485 |     74 |    563 |   1656 |   5 |  711.8 |
               +--------+--------+--------+--------+--------+-----+--------+

Top non-repeatable levels by time:
     D:1: 1226 daAuts
     D:2: 840 daAuts
     D:3: 715 daAuts
     D:5: 468 daAuts
     D:4: 309 daAuts
